 Dungeon Crawl Stone Soup version 0.30-a0-567-gf7fd966b4a (webtiles) character file.

Game seed: 1893464824497759398

95 Qbowser99 the Shield-Bearer (level 4, -1/41 HPs)
             Began as a Gnoll Fighter on Dec 28, 2022.
             Succumbed to a water moccasin's poison
             ... in a sewer.
             The game lasted 00:05:54 (2083 turns).

Qbowser99 the Shield-Bearer (Gnoll Fighter)         Turns: 2083, Time: 00:05:54

Health: -1/41      AC:  9    Str: 19    XL:     4   Next: 66%
Magic:  5/5        EV:  9    Int:  7    God:
Gold:   181        SH:  5    Dex: 10    Spells: 5/5 levels left

rFire   . . .      SeeInvis .    a - +0 war axe
rCold   . . .      Faith    .    c - +0 buckler
rNeg    . . .      Spirit   .    b - +0 scale mail
rPois   .          Reflect  .    k - +0 helmet
rElec   .          Harm     .    (no cloak)
rCorr   .          Rampage  .    (no gloves)
Will    .....                    (no boots) Stlth
                                 (no amulet)
HPRegen 0.26/turn                (no ring)
MPRegen 0.09/turn                (no ring)

@: lethally poisoned (-1 -> -18)
A: fangs 1, strong nose, distributed training, dopey 1, screaming 1, strong 1
a: no special abilities


You were in a sewer.
You visited 1 branch of the dungeon, and saw 3 of its levels.
You also visited: Sewer.

You collected 181 gold pieces.

Inventory:

Hand Weapons
 a - a +0 war axe (weapon)
Armour
 b - a +0 scale mail (worn)
 c - a +0 buckler (worn)
 k - a +0 helmet (worn)
Jewellery
 m - a ring of flight
Scrolls
 g - 3 scrolls of teleportation {unknown}
 h - 3 scrolls of immolation {unknown}
 j - 3 scrolls of identify {unknown}
 n - a scroll of enchant weapon {unknown}
 o - a scroll of magic mapping {unknown}
 p - 2 scrolls of blinking {unknown}
Potions
 d - a potion of might
 e - a potion of mutation
 f - a potion of ambrosia
 i - 2 potions of lignification {unknown}
 l - a potion of cancellation
 q - a potion of brilliance {unknown}


   Skills:
 + Level 6.6 Fighting
 + Level 1.2 Short Blades
 + Level 1.2 Long Blades
 + Level 4.7 Axes
 + Level 1.2 Maces & Flails
 + Level 1.2 Polearms
 + Level 1.2 Staves
 + Level 1.2 Ranged Weapons
 + Level 1.2 Throwing
 + Level 6.6 Armour
 + Level 1.2 Dodging
 + Level 1.2 Stealth
 + Level 6.6 Shields
 + Level 1.2 Unarmed Combat
 + Level 1.2 Spellcasting
 + Level 1.0 Conjurations
 + Level 1.0 Hexes
 + Level 1.0 Summonings
 + Level 1.0 Necromancy
 + Level 1.0 Translocations
 + Level 1.0 Transmutations
 + Level 1.0 Fire Magic
 + Level 1.0 Ice Magic
 + Level 1.0 Air Magic
 + Level 1.0 Earth Magic
 + Level 1.0 Poison Magic
 + Level 1.4 Invocations
 + Level 1.2 Evocations


You had 5 spell levels left.
You didn't know any spells.
Your spell library contained the following spells:

 Spells                   Type           Power      Damage    Failure   Level
 Slow                     Hex            4%         N/A       67%         1
 Confusing Touch          Hex            1%         N/A       95%         3
 Vampiric Draining        Necr           1%         2d6       95%         3


Dungeon Overview and Level Annotations

Branches:
Dungeon (3/15)              Sewer (1/1)

Altars:
Fedhas


Innate Abilities, Weirdness & Mutations

You have very sharp teeth.
Your uncanny sense of smell can sniff out nearby items.
Your experience applies equally to all skills.
You are dopey. (Int -2)
You occasionally shout uncontrollably at your foes.
Your muscles are strong. (Str +4, Int/Dex -1)


Message History

The water moccasin is lightly wounded.
The water moccasin bites you but does no damage.
The water moccasin bites you!
You hit the water moccasin.
The water moccasin is moderately wounded.
You block the water moccasin's attack. x2
You closely miss the water moccasin.
The water moccasin is moderately wounded.
You block the water moccasin's attack. The water moccasin bites you.
You barely miss the water moccasin.
The water moccasin is moderately wounded.
You block the water moccasin's attack.
You hit the water moccasin.
The water moccasin is heavily wounded.
You block the water moccasin's attack. The water moccasin bites you!
You are poisoned.
The water moccasin poisons you!
You miss the water moccasin.
The water moccasin is heavily wounded.
You feel very sick.
The water moccasin bites you but does no damage.
The water moccasin closely misses you.
It was a potion of ambrosia.
You are confused.
You feel invigorated.
You feel sick. The water moccasin bites you.
* * * LOW HITPOINT WARNING * * *
You are lethally poisoned!
The water moccasin poisons you! The water moccasin bites you.
* * * LOW HITPOINT WARNING * * *
You are too confused!
It was a potion of cancellation.
Your magical effects are unravelling.
You feel magically purged.
You feel less invigorated.
You feel less confused.
* * * LOW HITPOINT WARNING * * *
You feel very sick.
The water moccasin bites you but does no damage.
It was a potion of mutation.
You feel extremely strange.
You feel stupid.
You feel the urge to shout.
You feel stronger.
You die...

#[/#. ∆∆
?.#.# ∆
#.~.
##~~.#
#~.~~~
#.....##
#...#
##.S##
#.@.#
##.~# #.
#..# #..
#~.# #~~#
##~~# #...
#~..#
#..###.~##
#...#~..#
#~...~##


You could see a water moccasin.

Vanquished Creatures
  Robin (D:2)
  4 worms
  A dart slug (D:1)
  4 ball pythons
  5 endoplasms
  5 giant cockroaches (D:1)
  9 hobgoblins
  6 jackals
  5 quokkas
  2 frilled lizards
  12 goblins
  2 kobolds
  2 rats
58 creatures vanquished.

Notes
Turn   | Place    | Note
-------+----------+-------------------------------------------
     0 | D:1      | Qbowser99 the Gnoll Fighter began the quest for the Orb.
     0 | D:1      | Reached XP level 1. HP: 23/23 MP: 1/1
    64 | D:1      | Found a faded altar of an unknown god.
   197 | D:1      | Reached XP level 2. HP: 28/29 MP: 2/2
   600 | D:1      | Reached XP level 3. HP: 35/35 MP: 3/3
   771 | D:2      | Found a blossoming altar of Fedhas.
   800 | D:2      | Identified the +1 helmet of Kleptomania {Rampage +Blink
                  | rPois}
   800 | D:2      | Noticed Robin
   806 | D:2      | Reached skill level 1 in Invocations
   816 | D:2      | Killed Robin
   817 | D:2      | Reached skill level 1 in Short Blades
   817 | D:2      | Reached skill level 1 in Long Blades
   817 | D:2      | Reached skill level 1 in Maces & Flails
   817 | D:2      | Reached skill level 1 in Polearms
   817 | D:2      | Reached skill level 1 in Staves
   817 | D:2      | Reached skill level 1 in Ranged Weapons
   817 | D:2      | Reached skill level 1 in Throwing
   817 | D:2      | Reached skill level 1 in Dodging
   817 | D:2      | Reached skill level 1 in Stealth
   817 | D:2      | Reached skill level 1 in Unarmed Combat
   817 | D:2      | Reached skill level 1 in Spellcasting
   817 | D:2      | Reached skill level 1 in Evocations
   966 | D:2      | Reached XP level 4. HP: 27/41 MP: 5/5
  1901 | D:3      | Reached skill level 1 in Conjurations
  1901 | D:3      | Reached skill level 1 in Hexes
  1901 | D:3      | Reached skill level 1 in Summonings
  1901 | D:3      | Reached skill level 1 in Necromancy
  1901 | D:3      | Reached skill level 1 in Translocations
  1901 | D:3      | Reached skill level 1 in Transmutations
  1901 | D:3      | Reached skill level 1 in Fire Magic
  1901 | D:3      | Reached skill level 1 in Ice Magic
  1901 | D:3      | Reached skill level 1 in Air Magic
  1901 | D:3      | Reached skill level 1 in Earth Magic
  1901 | D:3      | Reached skill level 1 in Poison Magic
  1947 | D:3      | Found a glowing drain.
  1984 | Sewer    | Entered a sewer
  2066 | Sewer    | Noticed a water moccasin
  2083 | Sewer    | Gained mutation: You are dopey. (Int -2) [potion of
                  | mutation]
  2083 | Sewer    | Gained mutation: You occasionally shout uncontrollably at
                  | your foes. [potion of mutation]
  2083 | Sewer    | Gained mutation: Your muscles are strong. (Str +4, Int/Dex
                  | -1) [potion of mutation]
  2083 | Sewer    | Succumbed to a water moccasin's poison

Illustrated notes

Levels and vault maps discovered:
D:1:      spicycebolla_arrival_xxxplode, layout_basic,
          hellmonk_ecumenical_altar_arch_garden, hex_large,
          minmay_worlds_worst_comb
D:2:      layout_basic, basic_altar, uniq_robin
D:3:      layout_loops_corners, old_standard_altar, cheibrodos_sewer_entry_bend
Sewer:    sewer_the_moccasin

Skill      XL: |  1  2  3  4 |
---------------+-------------+-----
Invocations    | 1 |  1.4
Short Blades   | 1 |  1.2
Long Blades    | 1 |  1.2
Maces & Flails | 1 |  1.2
Polearms       | 1 |  1.2
Staves         | 1 |  1.2
Ranged Weapons | 1 |  1.2
Throwing       | 1 |  1.2
Dodging        | 1 |  1.2
Stealth        | 1 |  1.2
Unarmed Combat | 1 |  1.2
Spellcasting   | 1 |  1.2
Evocations     | 1 |  1.2
Conjurations   | 1 |  1.0
Hexes          | 1 |  1.0
Summonings     | 1 |  1.0
Necromancy     | 1 |  1.0
Translocations | 1 |  1.0
Transmutations | 1 |  1.0
Fire Magic     | 1 |  1.0
Ice Magic      | 1 |  1.0
Air Magic      | 1 |  1.0
Earth Magic    | 1 |  1.0
Poison Magic   | 1 |  1.0
Fighting       | |  6.6
Axes           | |  4.7
Armour         | |  6.6
Shields        | |  6.6

Action                   |  1- 3 |  4- 6 || total
-------------------------+-------+-------++-------
Melee: War axe           |   102 |    89 ||   191
       Bite              |     7 |     9 ||    16
  Use: Potion            |       |     3 ||     3
Armor: Scale mail        |    45 |    33 ||    78
Dodge: Dodged            |    45 |    35 ||    80
Block: Buckler           |    32 |    29 ||    61

Table legend: (Time is in decaauts)
 A = Elapsed time spent in this place.
 B = Non-inter-level travel time spent in this place.
 C = Inter-level travel time spent in this place.
 D = Time resting spent in this place.
 E = Time spent auto-exploring this place.
 F = Levels seen in this place.
 G = Mean time per level.
                   A        B        C        D        E       F      G
               +--------+--------+--------+--------+--------+-----+--------+
         Total |   2149 |   2149 |      0 |    183 |   1282 |   4 |  537.2 |
       Dungeon |   2037 |   2037 |      0 |    183 |   1282 |   3 |  679.0 |
         Sewer |    112 |    112 |      0 |      0 |      0 |   1 |  112.0 |
               +--------+--------+--------+--------+--------+-----+--------+

Top non-repeatable levels by time:
     D:2: 1059 daAuts
     D:1: 809 daAuts
     D:3: 168 daAuts
   Sewer: 112 daAuts
